[Event "Team 45 45 League T56"]
[Site "Internet Chess Club"]
[Date "2013.03.24"]
[Round "5"]
[White "arnx813"]
[Black "smsxman"]
[Result "1-0"]
[WhiteElo "1271"]
[BlackElo "1400"]
[Opening "Three knights game"]
[ECO "C46"]
[Time "09:36:36"]
[TimeControl "2700+45"]

1. e4 e5 2. Nf3 Nc6 3. Nc3 d6 4. a3 Bg4 5. Be2 Nf6 6. O-O Be7 7. b4 a6 8. h3 Bd7
9. d3 O-O 10. Nb1 Re8 11. c4 Na7 12. Nbd2 c5 13. bxc5 dxc5 14. Rb1 Qc7 15. Bb2
Bd6 16. Bc3 b5 17. cxb5 Nxb5 18. Qb3 Rab8 19. Nc4 Nd4 20. Qa2 Rxb1 21. Rxb1 Bb5
22. Bxd4 cxd4 23. Nxd6 Qxd6 24. a4 Bd7 25. a5 Bb5 26. Nd2 Nh5 27. Nc4 Qh6 28.
Bxh5 Qxh5 29. Nd6 Rb8 30. Nxb5 Rxb5 31. Rxb5 axb5 32. a6 Qd1+ 33. Kh2 Qxd3 34.
a7 g6 35. a8=Q+ Kg7 36. Q2d5 f6 37. Qag8+ Kh6 38. Qde6 Qxe4 39. Qxf6 Qf4+ 40.
Qxf4+ exf4 41. Qf8+ Kg5 42. Qc5+ Kf6 43. Qxd4+ Kf5 44. g4+ Kg5 45. Qe5+ Kh4 46.
Qxb5 g5 47. Qe8 h5 48. Qxh5# {Black checkmated} 1-0

[Event "Team 45 45 League T56"]
[Site "Internet Chess Club"]
[Date "2013.03.16"]
[Round "5"]
[White "semperfi"]
[Black "Toalla"]
[Result "0-1"]
[WhiteElo "1356"]
[BlackElo "1413"]
[Opening "King's Indian, 3.Nf3"]
[ECO "E61"]
[Time "17:04:42"]
[TimeControl "2700+45"]

1. d4 Nf6 2. Nf3 g6 3. c4 Bg7 4. Nc3 e6 5. e4 d5 6. e5 Ne4 7. Nxe4 dxe4 8. Ng5
f5 9. Be2 h6 10. Nh3 c5 11. Be3 cxd4 12. Bxd4 Nc6 13. Bc3 Qxd1+ 14. Rxd1 Bxe5
15. Bxe5 Nxe5 16. Nf4 Kf7 17. O-O Bd7 18. h4 h5 19. Rd6 Rad8 20. Rc1 Bc8 21. c5
Rxd6 22. cxd6 Rd8 23. Rc7+ Kf6 24. Nh3 Nf7 25. f4 Nxd6 26. Ng5 Rd7 27. Nh7+ Ke7
28. Rc3 Kd8 29. Rg3 Rxh7 30. Rxg6 Kc7 31. Rg5 Ne8 32. Rxh5 Rxh5 33. Bxh5 Nf6 34.
Bg6 Kd6 35. h5 Nxh5 36. Bxh5 e5 37. g3 Kd5 38. Bf7+ Kd4 39. Kf2 e3+ 40. Ke2 exf4
41. gxf4 Ke4 42. b3 a5 43. Bc4 b6 44. a4 Kxf4 45. Bd3 Bb7 46. Ke1 Be4 47. Bc4
Bc2 48. Ke2 Ke4 49. Be6 f4 {White resigns} 0-1

[Event "Team 45 45 League T56"]
[Site "Internet Chess Club"]
[Date "2013.03.24"]
[Round "5"]
[White "clarinetref"]
[Black "drsigmund1"]
[Result "0-1"]
[WhiteElo "1641"]
[BlackElo "1616"]
[Opening "Réti: Nimzovich-Larsen attack"]
[ECO "A06"]
[Time "21:02:07"]
[TimeControl "2700+45"]

1. Nf3 d5 2. b3 Nf6 3. Bb2 Nbd7 4. g3 g6 5. Bg2 Bg7 6. O-O O-O 7. d4 c5 8. Nbd2
Ne8 9. Ne5 cxd4 10. Nxd7 Qxd7 11. Nf3 e5 12. e3 dxe3 13. Nxe5 Qd6 14. Qxd5 Qxd5
15. Bxd5 Nc7 16. Bg2 Rb8 17. fxe3 Re8 18. Rxf7 Bxe5 19. Bxe5 Kxf7 20. Bxc7 Ra8
21. Rf1+ Ke6 22. c4 a5 23. Bd5+ Kd7 24. Bb6 Ra6 25. Bc5 b6 26. Rf7+ Kd8 27. Bd4
Be6 28. Bf6+ Kc8 29. Bb7+ Kb8 30. Rxh7 Bg8 31. Rg7 Ra7 32. Bc6 Rxg7 33. Bxe8 Rh7
34. Be5+ Ka7 35. Bxg6 Rh6 36. Bd3 Rh5 37. Bf4 Be6 38. Be2 Rh8 39. h4 Rd8 40. Kf2
Rd2 41. h5 Bg4 42. h6 Rxe2+ 43. Kf1 Rh2 44. Kg1 Rh5 45. Kg2 Kb7 46. e4 Kc8 47.
Kf2 Kd7 48. Ke3 Ke6 49. Kd4 Rc5 50. h7 Rh5 51. Be5 Rxh7 52. a3 Rd7+ 53. Ke3 Bd1
54. Bf4 Bxb3 55. g4 Bxc4 56. g5 Rd3+ 57. Kf2 Rxa3 58. g6 Kf6 59. e5+ Kxg6 60. e6
Bxe6 61. Bc7 b5 62. Bb6 a4 {White resigns} 0-1

[Event "Team 45 45 League T56"]
[Site "Internet Chess Club"]
[Date "2013.03.25"]
[Round "5"]
[White "SirIvanhoe"]
[Black "PostMike"]
[Result "1-0"]
[WhiteElo "1499"]
[BlackElo "1560"]
[Opening "Sicilian: closed, 6.Be3"]
[ECO "B26"]
[Time "14:30:28"]
[TimeControl "2700+45"]

1. e4 c5 2. Nc3 Nc6 3. g3 g6 4. Bg2 Bg7 5. d3 d6 6. Be3 e6 7. Qd2 Nge7 8. Bh6
O-O 9. h4 f5 10. Bxg7 Kxg7 11. h5 Rh8 12. h6+ Kf7 13. Nge2 e5 14. exf5 Bxf5 15.
Nd5 Be6 16. Nec3 Rf8 17. O-O-O Kg8 18. Rdf1 a6 19. Kb1 Rb8 20. f4 exf4 21. Rxf4
Rxf4 22. Qxf4 Nf5 23. g4 Nfd4 24. Qf6 Qxf6 25. Nxf6+ Kh8 26. Bd5 Ne7 27. Bxe6
Nxe6 28. Re1 Rf8 29. Rxe6 Ng8 30. g5 {Black resigns} 1-0

[Event "Team 45 45 League T56"]
[Site "Internet Chess Club"]
[Date "2013.03.20"]
[Round "5"]
[White "jjaillet2007"]
[Black "SeniorCitizen"]
[Result "1/2-1/2"]
[WhiteElo "1431"]
[BlackElo "1321"]
[Opening "QGD: 4.Bg5 Be7"]
[ECO "D53"]
[Time "15:00:31"]
[TimeControl "2700+45"]

1. d4 d5 2. c4 e6 3. Nc3 Nf6 4. Bg5 Be7 5. cxd5 exd5 6. e3 O-O 7. Bd3 c6 8. Nf3
Bg4 9. h3 Bh5 10. O-O Bg6 11. Re1 Nbd7 12. e4 dxe4 13. Nxe4 Nxe4 14. Bxe7 Qxe7
15. Qc2 Ndf6 16. Ng5 Rae8 17. Nxe4 Nxe4 18. f3 Qd7 19. Bxe4 Qxd4+ 20. Kh1 Bxe4
21. Rxe4 Rxe4 22. Qxe4 Qxe4 23. fxe4 Rd8 24. Kh2 Kf8 25. Kg3 Ke7 26. Kf4 Rd2 27.
g4 Rxb2 28. a4 a5 29. g5 Rb4 30. h4 c5 31. h5 c4 32. h6 g6 33. Ke3 Ke6 34. Kd4
c3+ 35. Kxc3 Rxe4 36. Rb1 Rb4 37. Rxb4 axb4+ 38. Kxb4 Kd6 39. Kb5 Kc7 40. a5 Kb8
41. Kb6 Kc8 42. Kc5 Kc7 43. Kd5 Kd7 44. Ke5 Ke7 45. Kf4 f6 46. gxf6+ Kxf6 47.
Kg4 g5 48. Kh5 Kf5 49. a6 bxa6 {White stalemated} 1/2-1/2

[Event "Team 45 45 League T56"]
[Site "Internet Chess Club"]
[Date "2013.03.22"]
[Round "5"]
[White "lawth3"]
[Black "Aquaman"]
[Result "0-1"]
[WhiteElo "1255"]
[BlackElo "1336"]
[Opening "Old Indian defense"]
[ECO "A53"]
[Time "20:00:01"]
[TimeControl "2700+45"]

1. d4 Nf6 2. c4 d6 3. Nc3 Nbd7 4. Nf3 c6 5. Bf4 Nh5 6. Bd2 e5 7. dxe5 dxe5 8. e3
Be7 9. Be2 Nhf6 10. O-O O-O 11. a3 Re8 12. Qc2 Bf8 13. Ne4 Nxe4 14. Qxe4 Nf6 15.
Qc2 Bd6 16. c5 Bc7 17. Rad1 Qe7 18. b4 Bg4 19. Bc3 e4 20. Nd4 Bxe2 21. Nxe2
Bxh2+ 22. Kxh2 Ng4+ 23. Kg3 Qg5 24. Kh3 Qh5+ 25. Kg3 Qg5 26. Kh3 Re6 27. g3 Qh5+
28. Kg2 Qh2# {White checkmated} 0-1

[Event "Team 45 45 League T56"]
[Site "Internet Chess Club"]
[Date "2013.03.25"]
[Round "5"]
[White "Magagna"]
[Black "FourKnights"]
[Result "1/2-1/2"]
[WhiteElo "1834"]
[BlackElo "1764"]
[Opening "Nimzo-Indian: classical, Noa variation"]
[ECO "E34"]
[Time "14:03:58"]
[TimeControl "2700+45"]

1. d4 Nf6 2. c4 e6 3. Nc3 Bb4 4. Qc2 d5 5. Bg5 O-O 6. e3 h6 7. Bh4 c6 8. Nf3
Nbd7 9. Bd3 Qc7 10. O-O b6 11. a3 Bd6 12. Rac1 Bb7 13. cxd5 Nxd5 14. Bg3 Bxg3
15. hxg3 Rac8 16. e4 Nxc3 17. Qxc3 c5 18. b4 Qd6 19. dxc5 bxc5 20. Rcd1 cxb4 21.
Qxb4 Qxb4 22. axb4 Nf6 23. Ra1 Bxe4 {Game drawn by mutual agreement} 1/2-1/2

[Event "Team 45 45 League T56"]
[Site "Internet Chess Club"]
[Date "2013.03.24"]
[Round "5"]
[White "knightstormala"]
[Black "timothysmall56"]
[Result "1-0"]
[WhiteElo "1762"]
[BlackElo "1613"]
[Opening "English: Anglo-Dutch defense"]
[ECO "A10"]
[Time "20:24:36"]
[TimeControl "2700+45"]

1. c4 f5 2. g3 Nf6 3. Bg2 g6 4. Nc3 c6 5. e4 f4 6. gxf4 Qc7 7. d4 d6 8. f3 Be6
9. b3 Nbd7 10. Be3 O-O-O 11. Rc1 Bg7 12. d5 Bf7 13. dxc6 bxc6 14. Qe2 e5 15. Nh3
Bh6 16. O-O exf4 17. Nxf4 Rhg8 18. Nb5 cxb5 19. cxb5 Nc5 20. b4 Kb8 21. bxc5 d5
22. Nxd5 Bxe3+ 23. Nxe3 Nh5 24. b6 axb6 25. cxb6 Qf4 26. Rc7 Rc8 27. Rfc1 Rxc7
28. bxc7+ {Black resigns} 1-0

[Event "Team 45 45 League T56"]
[Site "Internet Chess Club"]
[Date "2013.03.23"]
[Round "5"]
[White "Sir-Sinister"]
[Black "kidviper"]
[Result "1/2-1/2"]
[WhiteElo "2012"]
[BlackElo "1986"]
[Opening "English opening"]
[ECO "A17"]
[Time "10:36:10"]
[TimeControl "2700+45"]

1. c4 Nf6 2. Nc3 e6 3. Nf3 d5 4. e3 b6 5. b3 Be7 6. Be2 O-O 7. O-O Bb7 8. d4
Nbd7 9. Bb2 Ne4 10. Qc2 Ndf6 11. Ne5 Nxc3 12. Bxc3 c5 13. Bd3 h6 14. f3 Rc8 15.
a4 a5 16. Rab1 Qc7 17. Rfc1 Bd6 18. Qb2 Rfd8 19. Qe2 {Game drawn by mutual
agreement} 1/2-1/2

[Event "Team 45 45 League T56"]
[Site "Internet Chess Club"]
[Date "2013.03.25"]
[Round "5"]
[White "hewdondada"]
[Black "Inquisiteur"]
[Result "0-1"]
[WhiteElo "1771"]
[BlackElo "1749"]
[Opening "Benoni: classical with e4 and Nf3"]
[ECO "A70"]
[Time "19:02:37"]
[TimeControl "2700+45"]

1. d4 c5 2. d5 e6 3. c4 Nf6 4. Nc3 exd5 5. cxd5 d6 6. e4 g6 7. Nf3 a6 8. Bd3 Bg7
9. O-O O-O 10. Bg5 b5 11. Qc1 Nbd7 12. Bh6 c4 13. Bxg7 Kxg7 14. Bc2 Nc5 15. Qe3
Re8 16. a3 Ng4 17. Qd4+ f6 18. Rfe1 Ne5 19. Nxe5 fxe5 20. Qd2 Rf8 21. Re3 Bd7
22. Rf1 Qg5 23. Qc1 Rf7 24. Rg3 Qxc1 25. Rxc1 Raf8 26. Rf1 a5 27. Re3 b4 28.
axb4 axb4 29. Ne2 Ra8 30. Bb1 Ra1 31. f3 Nb3 32. Bc2 Rxf1+ 33. Kxf1 Nd4 34. Bb1
Bb5 35. Ke1 Ra7 36. Kd2 c3+ 37. bxc3 Nxe2 38. cxb4 Nd4 39. Rc3 Kf6 40. h4 h5 41.
g4 hxg4 42. fxg4 g5 43. h5 Be2 44. Rg3 Kg7 45. Re3 Bb5 46. Rc3 Bd7 47. Rg3 Kh6
48. Bd3 Rb7 49. Kc3 Rc7+ 50. Kb2 Ba4 51. Rg1 Bb5 52. Bxb5 Nxb5 53. Rf1 Rc4 54.
Rf6+ Kh7 55. Rf7+ Kg8 56. Rf5 Rxb4+ 57. Kc1 Rxe4 58. Rxg5+ Kh7 59. Rg6 Rd4 60.
g5 Rxd5 61. Re6 Nd4 62. Re7+ Kg8 63. h6 Nf5 64. h7+ Kh8 65. Rb7 Nh4 66. Re7 Rd4
67. Kc2 Ng6 68. Rd7 Rg4 69. Rd8+ Kxh7 70. Rd7+ Kg8 71. Rxd6 Rxg5 72. Rd7 Rg3 73.
Kd2 Kf8 74. Ke2 Ne7 75. Kf2 Ra3 76. Ke2 Kf7 77. Rd6 Nf5 78. Rb6 Ke7 79. Rg6 Rg3
80. Rb6 Nd6 81. Kf2 Ra3 82. Ke2 Ke6 83. Kf2 Kd5 84. Rb1 e4 85. Ke2 Nc4 86. Rd1+
Ke5 87. Rd8 Ra2+ 88. Ke1 Kf4 89. Rc8 Ke3 90. Kf1 Ne5 91. Rf8 Nd3 92. Kg1 Ne1 93.
Kf1 Nf3 {White resigns} 0-1

[Event "Team 45 45 League T56"]
[Site "Internet Chess Club"]
[Date "2013.03.24"]
[Round "5"]
[White "NimzoMal"]
[Black "RamRock"]
[Result "1/2-1/2"]
[WhiteElo "1741"]
[BlackElo "1839"]
[Opening "Dutch defense, Rubinstein variation"]
[ECO "A84"]
[Time "10:00:41"]
[TimeControl "2700+45"]

1. d4 f5 2. c4 e6 3. Nc3 Nf6 4. Nf3 Be7 5. Bg5 O-O 6. e3 d6 7. Bd3 Qe8 8. O-O
Nc6 9. a3 Qh5 10. a4 e5 11. dxe5 dxe5 12. Bxf6 Bxf6 13. e4 Nb4 14. Nd5 Nxd5 15.
cxd5 fxe4 16. Bxe4 Bf5 17. Qc2 Bxe4 18. Qxe4 Rad8 19. Rac1 Rd7 20. Rfe1 Re8 21.
b4 Qf7 22. b5 Rxd5 23. Rxc7 Qxc7 24. Qxd5+ Qf7 25. Qe4 Qc7 26. Rd1 Rd8 27. Rxd8+
Qxd8 28. g3 {Game drawn by mutual agreement} 1/2-1/2

[Event "Team 45 45 League T56"]
[Site "Internet Chess Club"]
[Date "2013.03.24"]
[Round "5"]
[White "toukon"]
[Black "SirIvanhoe"]
[Result "1-0"]
[WhiteElo "1733"]
[BlackElo "1478"]
[Opening "QGD Slav: Krause attack"]
[ECO "D17"]
[Time "20:00:56"]
[TimeControl "2700+45"]

1. d4 d5 2. c4 c6 3. Nc3 dxc4 4. a4 Nf6 5. Nf3 Bf5 6. Ne5 Nbd7 7. Nxc4 Nb6 8.
Ne5 e6 9. f3 Bb4 10. e4 Bg6 11. Be3 a5 12. Be2 Nfd7 13. Nd3 Be7 14. O-O O-O 15.
f4 f6 16. f5 exf5 17. exf5 Bf7 18. Bh5 Qe8 19. Bxf7+ Qxf7 20. Nf4 Bb4 21. Ne6
Rfc8 22. Rf3 Nd5 23. Nxd5 cxd5 24. Rg3 Bf8 25. Nxg7 Bxg7 26. Bh6 Qe8 27. Bxg7
Qe4 28. Bxf6+ Kf7 29. Bg5 Rc4 30. Qh5+ Kf8 31. Bh6+ Ke7 32. Re3 {Black resigns}
1-0

[Event "Team 45 45 League T56"]
[Site "Internet Chess Club"]
[Date "2013.03.24"]
[Round "5"]
[White "otherook"]
[Black "Innes"]
[Result "1/2-1/2"]
[WhiteElo "1757"]
[BlackElo "1644"]
[Opening "English: Jaenisch gambit"]
[ECO "A10"]
[Time "14:02:22"]
[TimeControl "2700+45"]

1. c4 b5 2. b3 Bb7 3. Bb2 Nf6 4. Nf3 d5 5. cxd5 c6 6. e3 a6 7. d4 cxd5 8. Nbd2
e6 9. Rc1 Bd6 10. Bd3 Nbd7 11. O-O O-O 12. Qc2 g6 13. Ne5 Nh5 14. Ndf3 Rc8 15.
Qb1 f5 16. Rxc8 Bxc8 17. Qc2 Bb7 18. Nxd7 Qxd7 19. a3 Rc8 20. Qe2 Nf6 21. b4 Ne4
22. Rc1 Rxc1+ 23. Bxc1 Qc7 24. Qc2 Qe7 25. g3 g5 26. Bxe4 dxe4 27. Ne5 Bd5 28.
Qc8+ Kg7 29. Qd7 Kf6 30. Qxe7+ Bxe7 31. Nd7+ Kf7 32. Nc5 Bxc5 33. dxc5 g4 34.
Bb2 Bc4 35. Kg2 Ke7 36. h3 h5 37. hxg4 hxg4 38. Bd4 Kd7 39. Bf6 Kc6 40. Bg7 Be2
41. Bf6 Bc4 42. Bg7 Be2 43. Bf6 Bc4 44. Bg7 Be2 45. Bf6 Bc4 {Game drawn by
repetition} 1/2-1/2

[Event "Team 45 45 League T56"]
[Site "Internet Chess Club"]
[Date "2013.03.23"]
[Round "5"]
[White "Packerfan"]
[Black "crazyhorses"]
[Result "1-0"]
[WhiteElo "1851"]
[BlackElo "1392"]
[Opening "Sicilian: Alapin's variation (2.c3)"]
[ECO "B22"]
[Time "10:07:45"]
[TimeControl "2700+45"]

1. e4 c5 2. c3 d5 3. exd5 Qxd5 4. d4 g6 5. Nf3 Bg7 6. Be2 Nf6 7. O-O O-O 8. c4
Qd8 9. d5 Ne4 10. Re1 Na6 11. Bd3 Nd6 12. Nc3 Nb4 13. Be2 Bf5 14. Nh4 Bc2 15.
Qd2 Bf6 16. a3 Bb3 17. axb4 cxb4 18. Nb1 Bxh4 19. Qxb4 Bc2 20. Nd2 Qd7 21. Nf3
Bf6 22. Be3 b6 23. Nd4 Bf5 24. Nxf5 Nxf5 25. Bg4 Qd6 26. Qb3 Nxe3 27. Rxe3 Bd4
28. Re2 h5 29. Bh3 Bc5 30. Rae1 Qf4 31. g3 Qd4 32. Qc2 a5 33. b3 Rfd8 34. Bg2
Rac8 35. Re4 Qf6 36. R1e2 Kg7 37. h4 Kg8 38. Bh3 Ra8 39. Rf4 Qa1+ 40. Kg2 a4 41.
bxa4 Rxa4 42. Be6 Rf8 43. Qxg6+ Kh8 44. Qxh5+ Kg8 45. Rg4+ {Black resigns} 1-0

[Event "Team 45 45 League T56"]
[Site "Internet Chess Club"]
[Date "2013.03.21"]
[Round "5"]
[White "nursey"]
[Black "amicusUK"]
[Result "1/2-1/2"]
[WhiteElo "1627"]
[BlackElo "1635"]
[Opening "Caro-Kann: Tartakower (Nimzovich) variation"]
[ECO "B15"]
[Time "04:02:49"]
[TimeControl "2700+45"]

1. e4 c6 2. d4 d5 3. Nc3 dxe4 4. Nxe4 Nf6 5. Nxf6+ exf6 6. c4 Be6 7. Nf3 Bb4+ 8.
Bd2 Qa5 9. Bxb4 Qxb4+ 10. Qd2 Qxd2+ 11. Nxd2 Nd7 12. Ne4 b6 13. Bd3 O-O 14. Nd6
Rfd8 15. Be4 Nb8 16. c5 bxc5 17. dxc5 Na6 18. Bxc6 Rab8 19. Nb7 Rdc8 20. Bf3
Nxc5 21. Nxc5 Rxc5 22. b3 Re5+ 23. Kd2 Rd8+ 24. Kc3 Rc5+ 25. Kb4 Rc2 26. Rhf1
Rb8+ 27. Ka5 Rc5+ 28. Ka6 Rbb5 29. Kxa7 Ra5+ 30. Kb6 Rab5+ 31. Ka6 Ra5+ {Game
drawn by mutual agreement} 1/2-1/2

[Event "Team 45 45 League T56"]
[Site "Internet Chess Club"]
[Date "2013.03.26"]
[Round "5"]
[White "stanbeers"]
[Black "caglar"]
[Result "1-0"]
[WhiteElo "1527"]
[BlackElo "1478"]
[Opening "QGD: Albin counter-gambit"]
[ECO "D08"]
[Time "13:07:06"]
[TimeControl "2700+45"]

1. d4 d5 2. c4 e5 3. e3 exd4 4. cxd5 Qxd5 5. Nc3 Bb4 6. exd4 Nf6 7. Nf3 O-O 8.
Be2 Bxc3+ 9. bxc3 Ne4 10. Bb2 Nd7 11. O-O Ndf6 12. c4 Qd6 13. Rc1 Bg4 14. c5 Qe7
15. Re1 Rfd8 16. Qc2 Nd5 17. Bd3 Bxf3 18. Bxe4 Bxe4 19. Rxe4 Qg5 20. Rce1 Qg6
21. Qa4 c6 22. h3 Kf8 23. a3 Re8 24. Qc2 Rxe4 25. Rxe4 Nf6 26. Re2 Qxc2 27. Rxc2
Re8 28. Kf1 Nd5 29. Bc1 b6 30. cxb6 axb6 31. Rxc6 Ra8 32. Bb2 Ra5 33. Rc1 Rb5
34. Rc2 Nf4 35. a4 Rb3 36. Kg1 Nd3 37. Rc8+ Ke7 38. Rc3 Nxb2 39. Rxb3 Nxa4 40.
Rb4 b5 41. Rxb5 Nc3 42. Rb7+ Ke6 43. Kf1 Nd5 44. Rb5 h5 45. Ra5 h4 46. Ke2 g5
47. Rxd5 Kxd5 48. Ke3 f5 49. f4 g4 50. hxg4 fxg4 51. f5 h3 52. gxh3 gxh3 53. Kf2
h2 54. Kg2 h1=Q+ 55. Kxh1 Kd6 56. Kg2 Ke7 57. Kf3 Kf6 58. Kf4 Kf7 59. Ke5 Ke7
60. d5 Kf7 61. Kd6 Kf6 62. Kc7 Kxf5 63. d6 Ke6 64. d7 Ke7 65. d8=Q+ {Black
resigns} 1-0

[Event "Team 45 45 League T56"]
[Site "Internet Chess Club"]
[Date "2013.03.23"]
[Round "5"]
[White "Buford-Julep"]
[Black "xt"]
[Result "0-1"]
[WhiteElo "1695"]
[BlackElo "1697"]
[Opening "English opening"]
[ECO "A05"]
[Time "13:05:22"]
[TimeControl "2700+45"]

1. Nf3 Nf6 2. c4 g6 3. g3 Bg7 4. Bg2 O-O 5. Nc3 Nc6 6. O-O d6 7. Rb1 Bf5 8. d3
Rb8 9. b4 a6 10. Qb3 Bg4 11. Be3 Nd7 12. Rfc1 Nde5 13. Nxe5 Bxe5 14. h3 Be6 15.
Nd5 Qd7 16. Kh2 Nd4 17. Qd1 Nf5 18. Bf4 Bg7 19. c5 Bxd5 20. Bxd5 dxc5 21. Rxc5
b6 22. Bc6 Qe6 23. Bd5 Qd7 24. Bc6 Qd4 25. e3 Qd8 26. Rd5 Nd6 27. Bxd6 cxd6 28.
Rg5 f5 29. Qb3+ Kh8 30. Qe6 Rf6 31. Qc4 h6 32. Qh4 Kg8 {White resigns} 0-1

[Event "Team 45 45 League T56"]
[Site "Internet Chess Club"]
[Date "2013.03.21"]
[Round "5"]
[White "AVEMARIA"]
[Black "LazyPeon"]
[Result "0-1"]
[WhiteElo "1618"]
[BlackElo "1756"]
[Opening "Ruy Lopez: Exchange variation doubly deferred (DERLD)"]
[ECO "C85"]
[Time "17:00:58"]
[TimeControl "2700+45"]

1. e4 e5 2. Nf3 Nc6 3. Bb5 a6 4. Ba4 Nf6 5. O-O Be7 6. Bxc6 dxc6 7. d3 Bg4 8. h3
Bh5 9. Nbd2 Bc5 10. Nc4 Bxf3 11. Qxf3 Qe7 12. Bg5 O-O-O 13. Qf5+ Kb8 14. Qxe5
Rde8 15. Bxf6 gxf6 16. Qxe7 Rxe7 17. Ne3 Rg8 18. Rae1 Bxe3 19. Rxe3 Re5 20. f4
Rh5 21. Kh2 f5 22. Rg3 Rg6 23. Rxg6 fxg6 24. e5 g5 25. e6 Kc8 26. Re1 Kd8 27.
Kg3 gxf4+ 28. Kxf4 Ke7 29. c3 Rh6 30. Re2 Rxe6 31. Rxe6+ Kxe6 32. c4 c5 33. g4
fxg4 34. hxg4 h6 35. a3 c6 36. b3 Kf6 37. b4 cxb4 38. axb4 b6 39. d4 a5 40. bxa5
bxa5 41. Ke3 Kg5 42. Kd3 Kxg4 43. d5 cxd5 44. c5 Kf5 45. Kd4 Ke6 {White resigns}
0-1

[Event "Team 45 45 League T56"]
[Site "Internet Chess Club"]
[Date "2013.03.21"]
[Round "5"]
[White "pauliewoll"]
[Black "tightfist"]
[Result "0-1"]
[WhiteElo "1573"]
[BlackElo "1546"]
[Opening "French defense"]
[ECO "C01"]
[Time "11:00:30"]
[TimeControl "2700+45"]

1. e4 e6 2. d4 c5 3. dxc5 Bxc5 4. Nc3 Nc6 5. Nf3 Qb6 6. Qd2 Nf6 7. h4 Ng4 8. Nd1
O-O 9. c3 d5 10. Bd3 Rd8 11. exd5 Rxd5 12. O-O Nge5 13. Bxh7+ Kxh7 14. Ng5+ Kg8
15. Qc2 f5 16. b4 Be7 17. Qe2 Bxg5 18. hxg5 g6 19. a4 Bd7 20. b5 Na5 21. Be3 Qc7
22. Bf4 Nac4 23. Ne3 Nxe3 24. Qxe3 Qc5 25. Bxe5 Qxe3 26. fxe3 Rxe5 27. Kf2 Rc8
28. Rh1 Kg7 29. Rh6 Rh8 30. Rah1 Rxh6 31. gxh6+ Kh7 32. c4 Re4 33. Rd1 Bxb5 34.
axb5 Rxc4 35. Rd7+ Kxh6 36. Rxb7 Rb4 37. Kf3 Kg5 38. Rxa7 Rxb5 39. g3 Rb4 40.
Ra5 Kf6 41. Ra8 g5 42. Ra5 g4+ 43. Kf2 Rb2+ 44. Kf1 Rb3 45. Kf2 Rb2+ 46. Kf1 Kg5
47. Re5 Kf6 48. Ra5 Rb4 49. Kf2 Re4 50. Ra8 Rc4 51. Ra5 Ke7 52. Ra8 Kd6 53. Rd8+
Ke5 54. Re8 Rc2+ 55. Kf1 Rc6 56. Kf2 Ke4 57. Ra8 Rc2+ 58. Kf1 Kf3 {White
resigns} 0-1

[Event "Team 45 45 League T56"]
[Site "Internet Chess Club"]
[Date "2013.03.21"]
[Round "5"]
[White "whiskeytown"]
[Black "nosir"]
[Result "1/2-1/2"]
[WhiteElo "1648"]
[BlackElo "1459"]
[Opening "Sicilian defense"]
[ECO "B40"]
[Time "20:01:01"]
[TimeControl "2700+45"]

1. e4 c5 2. Nf3 e6 3. d3 d6 4. g3 Nc6 5. Bg2 Nf6 6. O-O Be7 7. Nbd2 O-O 8. Re1
Qc7 9. b3 Bd7 10. Bb2 e5 11. c3 Qc8 12. d4 cxd4 13. cxd4 exd4 14. Nxd4 Ne5 15.
Rc1 Qd8 16. Qe2 Rc8 17. Nf5 g6 18. Rxc8 Bxc8 19. Nxe7+ Qxe7 20. f4 Nc6 21. Ba3
Qc7 22. e5 Qb6+ 23. Kh1 Ng4 24. Bxc6 Qxc6+ 25. Qf3 Qc2 26. Re2 Qxa2 27. Bxd6 Rd8
28. h3 Qa1+ 29. Kg2 Nh6 30. g4 b6 31. Kf2 Qd4+ 32. Qe3 Qd5 33. Ne4 Qc6 34. Qd4
Ba6 35. Ra2 Qb5 36. Qc4 Qxc4 37. bxc4 Bxc4 38. Rxa7 Kg7 39. Nc3 Rc8 40. Rc7 Rxc7
41. Bxc7 b5 42. Bd6 Ng8 43. Ke3 f6 44. Kd4 Kf7 45. Kc5 fxe5 46. fxe5 Ke6 47.
Nxb5 Bf1 48. Nd4+ Kd7 49. h4 Ne7 50. Bxe7 Kxe7 51. g5 {Game drawn by mutual
agreement} 1/2-1/2

[Event "Team 45 45 League T56"]
[Site "Internet Chess Club"]
[Date "2013.03.22"]
[Round "5"]
[White "rook9999"]
[Black "bshribharath"]
[Result "0-1"]
[WhiteElo "1789"]
[BlackElo "1985"]
[Opening "Caro-Kann: Forgács variation"]
[ECO "B15"]
[Time "09:00:25"]
[TimeControl "2700+45"]

1. e4 c6 2. d4 d5 3. Nc3 dxe4 4. Nxe4 Nf6 5. Nxf6+ exf6 6. Bc4 Bd6 7. Ne2 O-O 8.
O-O Qc7 9. Ng3 Nd7 10. Be3 Re8 11. Qd2 Nf8 12. Rfe1 Bd7 13. Bd3 Ng6 14. Bxg6
hxg6 15. c3 g5 16. Qd3 g6 17. Bd2 Rf8 18. h3 Kg7 19. Re2 Rh8 20. Nf1 g4 21. h4
Rxh4 22. g3 Rh3 23. Rae1 Rah8 24. Kg2 Qa5 25. d5 Qxd5+ 26. Qxd5 cxd5 27. Be3 d4
28. Bxd4 Bc6+ 29. Re4 Be5 30. Bxe5 fxe5 31. f3 gxf3+ 32. Kf2 f6 33. Rc4 Rh2+ 34.
Nxh2 Rxh2+ 35. Ke3 Rxb2 36. a4 f5 37. Rb4 Ra2 38. c4 g5 39. c5 f4+ 40. gxf4
exf4+ 41. Kd4 f2 42. Rc1 Re2 43. Rbb1 g4 44. Kd3 f3 45. Rc2 Be4+ 46. Kd4 {White
resigns} 0-1

[Event "Team 45 45 League T56"]
[Site "Internet Chess Club"]
[Date "2013.03.25"]
[Round "5"]
[White "Beetlejuice"]
[Black "zigzag2002"]
[Result "1-0"]
[WhiteElo "1759"]
[BlackElo "1974"]
[Opening "QGD: Tarrasch, Prague variation, 9.Bg5"]
[ECO "D34"]
[Time "14:04:53"]
[TimeControl "2700+45"]

1. d4 d5 2. c4 e6 3. Nf3 c5 4. cxd5 exd5 5. Nc3 Nc6 6. g3 Nf6 7. Bg2 Be7 8. O-O
O-O 9. Bg5 c4 10. Ne5 Be6 11. b3 Qa5 12. Qd2 Bb4 13. Bxf6 gxf6 14. Nxc6 bxc6 15.
Rfc1 Bf5 16. bxc4 dxc4 17. a3 Bd6 18. Ne4 Qxd2 19. Nxd2 Rac8 20. Nxc4 Rfd8 21.
Na5 c5 22. Nb7 Rd7 23. Nxd6 Rxd6 24. dxc5 Rd2 25. Kf1 Bc2 26. Ke1 Rcd8 27. c6
{Black resigns} 1-0

[Event "Team 45 45 League T56"]
[Site "Internet Chess Club"]
[Date "2013.03.25"]
[Round "5"]
[White "juniorVishy"]
[Black "qs16"]
[Result "1/2-1/2"]
[WhiteElo "1655"]
[BlackElo "1740"]
[Opening "Queen's pawn game"]
[ECO "E20"]
[Time "16:00:06"]
[TimeControl "2700+45"]

1. d4 Nf6 2. c4 e6 3. Nc3 b6 4. e4 Bb7 5. Bd3 Be7 6. Nf3 d6 7. O-O O-O 8. h3
Nbd7 9. Be3 Re8 10. Rc1 a6 11. Qc2 Nf8 12. e5 dxe5 13. dxe5 N6d7 14. Be4 Bxe4
15. Nxe4 c5 16. Rfd1 Qc7 17. Nd6 Red8 18. Bf4 Ng6 19. Bh2 Ndxe5 20. Nxe5 Nxe5
21. Bxe5 Bxd6 22. Bxd6 Rxd6 23. Rxd6 Qxd6 24. Rd1 Qe7 25. Qd2 Kf8 26. Qd6 Qxd6
27. Rxd6 Rb8 28. Rc6 Ke8 29. Rc7 g5 30. Ra7 a5 31. Kf1 Kf8 32. Ke2 Kg7 33. b3
Rd8 34. Rc7 Rd6 35. Rb7 h5 36. Ke3 Kg6 37. g3 f5 38. Rb8 g4 39. hxg4 hxg4 40.
Rg8+ Kf7 41. Rb8 Kf6 42. Rf8+ Ke5 43. Rb8 Kf6 44. Rf8+ Ke7 45. Rb8 e5 46. Rb7+
Ke6 47. Rb8 Kf6 48. Rf8+ Kg5 49. Rg8+ Rg6 50. Rf8 Rf6 51. Rg8+ Kh6 52. Ke2 Kh5
53. Rh8+ Kg6 54. Rg8+ Kf7 55. Rg5 Ke6 56. Rg8 Kd7 57. Rb8 Kc7 58. Re8 Kd6 59.
Rb8 Kd7 60. Rg8 Rd6 61. Rf8 Ke6 62. Rg8 e4 63. Rb8 Ke5 64. Re8+ Re6 65. Rd8 Rd6
66. Re8+ Re6 67. Rd8 Rd6 68. Re8+ Kf6 69. Rb8 Kg5 70. Rg8+ Rg6 71. Rf8 Rh6 72.
Rg8+ Kf6 73. Rf8+ Ke5 74. Re8+ Re6 75. Rd8 {Game drawn by repetition} 1/2-1/2

[Event "Team 45 45 League T56"]
[Site "Internet Chess Club"]
[Date "2013.03.25"]
[Round "5"]
[White "rubo"]
[Black "BetterthanU"]
[Result "1-0"]
[WhiteElo "1720"]
[BlackElo "1517"]
[Opening "French: advance, Paulsen attack"]
[ECO "C02"]
[Time "20:00:24"]
[TimeControl "2700+45"]

1. e4 e6 2. d4 d5 3. e5 c5 4. c3 Nc6 5. Nf3 cxd4 6. cxd4 Qb6 7. Bd3 Bd7 8. O-O
Nxd4 9. Nxd4 Qxd4 10. Nc3 Qxe5 11. Re1 Qc7 12. Nxd5 Qa5 13. Bc4 Ne7 14. b4 Qd8
15. Bf4 exd5 16. Qxd5 Be6 17. Bb5+ Nc6 18. Bxc6+ bxc6 19. Qxc6+ Qd7 20. Qxa8+
Ke7 21. Rad1 {Black resigns} 1-0